 Dungeon Crawl Stone Soup version 0.28.0 (webtiles) character file.

Game seed: 4199347135741526037

35 browni3141 the Skirmisher (level 3, -2/24 HPs)
             Began as a Kobold Warper on Feb 9, 2022.
             Was an Initiate of Nemelex Xobeh.
             Slain by a gnoll (10 damage)
             ... on level 1 of the Dungeon.
             The game lasted 00:03:41 (1368 turns).

browni3141 the Skirmisher (Kobold Warper)           Turns: 1368, Time: 00:03:42

Health: -2/24      AC:  3    Str:  8    XL:     3   Next: 55%
Magic:  6/6        EV: 14    Int: 14    God:    Nemelex Xobeh [......]
Gold:   29         SH:  0    Dex: 16    Spells: 6/6 levels left

rFire   . . .      SeeInvis .   a - +0 short sword
rCold   . . .      Faith    .   (no shield)
rNeg    . . .      Spirit   .   b - +0 leather armour
rPois   .          Reflect  .   (no helmet)
rElec   .          Harm     .   (no cloak)
rCorr   .          Rampage  .   (no gloves)
Will    .....                   (no boots)
Stlth   +++.......              (no amulet)
HPRegen 0.08/turn               (no ring)
MPRegen 0.10/turn               (no ring)

@: no status effects
A: small, no large weapons, nightstalker 3
a: Renounce Religion, Draw Escape, Draw Destruction, Draw Summoning


You were on level 1 of the Dungeon.
You worshipped Nemelex Xobeh.
Nemelex Xobeh was noncommittal.
You visited 1 branch of the dungeon, and saw 2 of its levels.

You collected 29 gold pieces.

Inventory:

Hand Weapons
 a - a +0 short sword (weapon)
Missiles
 d - a boomerang of dispersal (quivered)
 h - 3 atropa-tipped darts
Armour
 b - a +0 leather armour (worn)
Jewellery
 l - a ring of flight
Scrolls
 c - a scroll of blinking
 e - a scroll of magic mapping {unknown}
 i - a scroll of enchant weapon {unknown}
 k - a scroll of vulnerability {unknown}
Potions
 f - a potion of mutation {unknown}
 g - a potion of might {unknown}
 j - a potion of heal wounds {unknown}


   Skills:
 * Level 3.9 Fighting
 - Level 2.6 Short Blades
 - Level 1.1 Throwing
 - Level 0.7 Armour
 - Level 2.4 Dodging
 - Level 1.0 Stealth
 - Level 2.1 Spellcasting
 - Level 3.0 Translocations


You had 6 spell levels left.
You didn't know any spells.
Your spell library contained the following spells:

 Spells                   Type           Power      Damage    Failure   Level
 Blink                    Tloc           18%        N/A       14%         2
 Gell's Gravitas          Tloc           9%         N/A       28%         3
 Lesser Beckoning         Tloc           9%         N/A       28%         3
 Teleport Other           Tloc           9%         N/A       28%         3
 Sandblast                Erth           2%         2d4       32%         1
 Passwall                 Tmut/Erth      0%         N/A       45%         2
 Stone Arrow              Conj/Erth      2%         3d7       69%         3
 Manifold Assault         Tloc           9%         N/A       95%         5


Dungeon Overview and Level Annotations

Branches:
Dungeon (2/15)

Altars:
Nemelex Xobeh

Annotations:
D:2 exclusions: 2 goblins and hobgoblin, Robin


Innate Abilities, Weirdness & Mutations

You are small and have problems with some larger weapons.
You are completely attuned to the shadows.


Message History

The adder is no longer blind.
The adder bites you.
There is an escape hatch in the ceiling here.
Okay, then.
Okay, then.
Throw: 5 boomerangs (disperse)
Press: ? - help, Q - select action, (/) - cycle Shift-Dir - straight line, f - adder
Aim: an adder (moderately wounded, 42% to hit)
You throw a boomerang of dispersal.
The boomerang of dispersal barely misses the adder.
The adder closely misses you. The adder bites you but does no damage.
Throw: 4 boomerangs (disperse)
Press: ? - help, Q - select action, (/) - cycle Shift-Dir - straight line, f/p - adder
Aim: an adder (moderately wounded, 42% to hit)
You throw a boomerang of dispersal.
The boomerang of dispersal barely misses the adder.
The adder barely misses you.
Throw: 3 boomerangs (disperse)
Press: ? - help, Q - select action, (/) - cycle Shift-Dir - straight line, p - adder You throw a boomerang of dispersal.
The boomerang of dispersal hits the adder.
The adder blinks!
Unknown command.
The gnoll misses you.
There is an escape hatch in the ceiling here.
Throw: 2 boomerangs (disperse)
Press: ? - help, Q - select action, (/) - cycle Shift-Dir - straight line, f - adder
Aim: an adder (severely wounded, 42% to hit)
You throw a boomerang of dispersal.
The boomerang of dispersal hits the adder.
The adder blinks!
You kill the adder!
The gnoll closely misses you. The gnoll hits you with a +0 halberd.
* * * LOW HITPOINT WARNING * * *
A mysterious force pulls you upwards. The hatch slams shut behind you.
Unknown command.
The gnoll hits you from afar with a +0 halberd!
You die...
Your body disappears without a glow.

..# #.#P.P..#.#≈≈≈≈P#.##......
..######†##P..P#.#≈≈≈P##.##......
..........##PP.#.#≈≈P##..##......
#..........##PP#.#PP##..###..†.†.
#...........####'####............
#.........#...........######.####
#.........####........# #.#
#.........# ##.#####..######.#
#.........# #...@..#..#......#
#.........# #..###g#.>##.#####
#......)..# #..# #.#.###.##.#
#.........# #..# #.#.###....#
#.†)......# #..# #.#........#
#.........# #..# #.########.#
#.........# #..# #.# ###
########### #..###.# #.)....#


You could see a gnoll.

Vanquished Creatures
  An adder (D:2)
  A ball python (D:1)
  A bat (D:2)
  An endoplasm (D:2)
  A giant cockroach (D:1)
  4 goblins
  4 hobgoblins (D:1)
  2 jackals (D:1)
  3 kobolds (D:1)
  A quokka (D:1)
  2 frilled lizards (D:1)
  A rat (D:1)
22 creatures vanquished.

Notes
Turn   | Place    | Note
-------+----------+-------------------------------------------
     0 | D:1      | browni3141 the Kobold Warper began the quest for the Orb.
     0 | D:1      | Reached XP level 1. HP: 12/12 MP: 3/3
   107 | D:1      | Reached skill level 1 in Stealth
   326 | D:1      | Reached XP level 2. HP: 18/18 MP: 5/5
   968 | D:1      | Reached XP level 3. HP: 19/23 MP: 6/6
  1170 | D:2      | Noticed Robin
  1231 | D:2      | Found a sparkling altar of Nemelex Xobeh.
  1253 | D:2      | Became a worshipper of Nemelex Xobeh the Trickster
  1368 | D:1      | Slain by a gnoll

Illustrated notes

Levels and vault maps discovered:
D:1:      psy_arrival_terrarium, layout_basic, kennysheep_another_room
D:2:      layout_basic, basic_altar, minmay_door_square,
          chequers_serial_rivers_micro_d, uniq_robin

Skill      XL: |  1  2 |
---------------+-------+-----
Stealth        | 1 |  1.0
Fighting       | 3 |  3.9
Short Blades   | |  2.6
Throwing       | |  1.1
Armour         | |  0.7
Dodging        | |  2.4
Spellcasting   | |  2.1
Translocations | |  3.0

Action                   || total
-------------------------++-------
Melee: Short sword       ||    62
       Punch             ||     1
Throw: Boomerang         ||     4
       Dart              ||     2
 Stab: Sleeping          ||     9
Armor: Leather armour    ||    11
Dodge: Dodged            ||    50
